 Dungeon Crawl Stone Soup version bcrawl-1.21 (webtiles) character file.

Game seed: 9858541339741245465

350 Freyura the Cudgeler (level 6, -3/40 HPs)
             Began as a Gargoyle Reaver on Feb 9, 2020.
             Was a Believer of Vehumet.
             Slain by an ogre
             ... wielding a cursed -1 giant club
              (14 damage)
             ... on level 4 of the Dungeon.
             The game lasted 00:10:42 (3618 turns).

Freyura the Cudgeler (Gargoyle Reaver)              Turns: 3618, Time: 00:10:43

Health: -3/40      AC: 13    Str: 14 (15) XL:     6   Next: 61%
Magic:  11/11      EV: 12    Int: 14 (15) God:    Vehumet [**....]
Gold:   231        SH:  3    Dex:  8 (9)  Spells: 10/12 levels left

rFire    . . .     SeeInvis .   l - +0 whip
rCold    . . .     Gourm    .   (no shield)
rNeg     + . .     Faith    .   b - +0 steam dragon scales
rPois    ∞         Spirit   .   (no helmet)
rElec    +         Reflect  +   (no cloak)
rCorr    .         Harm     .   n - +0 pair of gloves
MR       .....                  i - +2 pair of boots
Stlth    +.........             h - +3 amulet of reflection
HPRegen  0.13/turn              (no ring)
MPRegen  0.12/turn              (no ring)

@: no status effects
A: negative energy resistance 1, electricity resistance, unbreathing,
petrification resistance, rot immunity, AC +4
a: Renounce Religion


You were on level 4 of the Dungeon.
You worshipped Vehumet.
Vehumet was pleased with you.
You were hungry.

You visited 1 branch of the dungeon, and saw 4 of its levels.

You collected 231 gold pieces.

Inventory:

Hand Weapons
 l - a +0 whip (weapon)
Armour
 b - +0 steam dragon scales (worn)
 i - a +2 pair of boots (worn)
 n - a +0 pair of gloves (worn)
Jewellery
 h - a +3 amulet of reflection (around neck)
Wands
 c - a wand of polymorph (15)
Scrolls
 d - a scroll of immolation
 f - a scroll of teleportation
 p - a scroll of identify {unknown}
Potions
 a - 4 potions of curing
 j - a potion of heal wounds {unknown}
 k - a potion of degeneration
 m - a potion of resistance
 o - a potion of magic {unknown}
 r - a potion of brilliance {unknown}
Comestibles
 e - 9 rations {!d}


   Skills:
 + Level 5.0 Fighting
 * Level 5.1 Maces & Flails
 - Level 2.4 Dodging
 + Level 3.7 Spellcasting


You had 10 spell levels left.
You knew the following spells:

 Your Spells              Type           Power        Failure   Level  Hunger
a - Throw Frost           Conj/Ice       #.....       9%          2    ##.....

Your spell library contained the following spells:

 Spells                   Type           Power        Failure   Level  Hunger
 Dazzling Spray           Conj/Hex       #.....       16%         3    ###....
 Iskenderun's Battlesphe  Conj/Chrm      #.......     77%         5    ######.


Dungeon Overview and Level Annotations

Branches:
Dungeon (4/12)
 Temple: D:4-7

Altars:

Shops:
D:4 :


Innate Abilities, Weirdness & Mutations

You are resistant to torment.
Your stone body is resilient. (AC +4)
You are immune to poison.
You resist negative energy. (rN+)
You are resistant to electric shocks. (rElec)
You can survive without breathing.
You are immune to petrification.
You are immune to rotting.


Message History

The ogre is severely wounded.
You block the ogre's attack.
You hit the ogre.
The ogre is severely wounded.
You hit the ogre.
The ogre is almost dead.
The ogre barely misses you.
You barely miss the ogre.
The ogre is almost dead.
The ogre closely misses you.
You hit the ogre.
The ogre is almost dead.
You hit the ogre but do no damage.
The ogre is almost dead.
The ogre hits you with a cursed -1 giant club!
* * * LOW HITPOINT WARNING * * *
You barely miss the ogre.
The ogre is almost dead.
The ogre hits you with a cursed -1 giant club!
You die...

#....#....#...## ..#
#....#....+....# ..
#....⌠.⌠####..## .
#.....∩...##..# ##
#....⌠.⌠..#...# ..#
#.........'...+ ...#
#.........#...# .....
#.........#####S..)..
#....###'#...@O#
#....#...+.....#
#....#...#.....#
#....#...#.....#
#....#...#.....#
#....#...#.....#
#....###########
#....#


You could see an ogre and an adder.

Vanquished Creatures
  A hound (D:4)
  3 orc wizards (D:4)
  An iguana (D:2)
  Ijyb (D:2)
  2 worker ants (D:3)
  3 adders
  2 oozes
  3 worms (D:3)
  2 dart slugs
  7 leopard geckos
  6 orcs
  7 bats
  A giant cockroach (D:2)
  13 goblins
  9 hobgoblins
  12 jackals
  3 quokkas
  A ball python (D:2)
  3 frilled lizards
  9 kobolds
  3 rats
92 creatures vanquished.

Vanquished Creatures (others)
  A goblin (D:2)
1 creature vanquished.

Grand Total: 93 creatures vanquished

Notes
Turn   | Place    | Note
-------+----------+-------------------------------------------
     0 | D:1      | Freyura the Gargoyle Reaver began the quest for the Orb.
     0 | D:1      | Reached XP level 1. HP: 14/14 MP: 3/3
   388 | D:1      | Reached XP level 2. HP: 17/19 MP: 5/5
   585 | D:1      | Reached XP level 3. HP: 24/24 MP: 6/6
   619 | D:1      | Reached * piety under Vehumet
   619 | D:1      | Offered knowledge of Freeze by Vehumet.
  1076 | D:2      | Noticed Ijyb
  1106 | D:2      | Reached XP level 4. HP: 29/29 MP: 6/8
  1136 | D:2      | Killed Ijyb
  1969 | D:2      | Reached ** piety under Vehumet
  1969 | D:2      | Offered knowledge of Throw Frost by Vehumet.
  1969 | D:2      | Reached XP level 5. HP: 29/34 MP: 9/9
  1976 | D:2      | Learned a level 2 spell: Throw Frost
  2716 | D:3      | Reached XP level 6. HP: 39/39 MP: 11/11
  2959 | D:3      | Offered knowledge of Dazzling Spray by Vehumet.
  3282 | D:4      | Reached skill level 5 in Maces & Flails
  3289 | D:4      | Reached skill level 5 in Fighting
  3571 | D:4      | Found Fuos's Book Boutique.
  3618 | D:4      | Slain by an ogre

Skill      XL: |  1  2  3  4  5  6 |
---------------+-------------------+-----
Fighting       | 4 5 |  5.0
Spellcasting   | 3 |  3.7
Maces & Flails | 4 5 |  5.1
Dodging        | |  2.4

Action                   |  1- 3 |  4- 6 || total
-------------------------+-------+-------++-------
Melee: Flail             |    70 |       ||    70
       Whip              |    98 |   412 ||   510
       Unarmed           |       |    27 ||    27
 Cast: Throw Frost       |       |     6 ||     6
  Use: Scroll            |     1 |     4 ||     5
       Potion            |     1 |     3 ||     4
 Stab: Invisible         |       |     1 ||     1
  Eat: Chunk             |     1 |     8 ||     9
Armor: Steam dragon scal |    75 |   140 ||   215
       Skin              |       |    23 ||    23
Dodge: Dodged            |   135 |   187 ||   322
Block: Other             |    19 |    44 ||    63
       Reflection        |     1 |     1 ||     2
